3AA
BELVEDERE PARK RAWHIDES @ RICHLAND RAILS
09/17/2027
 
TOP OF THE 1ST
Belvedere Park Rawhides batting - Pitching for Richland Rails : RHP Paco Manuel
Pitching: RHP Paco Manuel
Batting: LHB Dan O'Day 0-0: Ball
1-0: Called Strike
1-1: SINGLE (Line Drive, 8LS)
Batting: SHB Adrián Zamudio 0-0: Foul Ball, location: 2F
0-1: Ball
1-1: Foul Ball, location: 2F
Pickoff Throw to First - Out!
1-2: Ball
2-2: Strikes out swinging
Batting: RHB Ramón Cabral 0-0: Called Strike
0-1: Ball
1-1: Called Strike
1-2: Foul Ball, location: 2F
1-2: Ball
2-2: Ball
3-2: Fly out, F4 (Popup, 4MS)
Top of the 1st over - 0 run(s), 1 hit(s), 0 error(s), 0 left on base; Belvedere Park 0 - Richland 0
BOTTOM OF THE 1ST
Richland Rails batting - Pitching for Belvedere Park Rawhides : LHP António Bruno
Pitching: LHP António Bruno
Batting: RHB Fernando Granados 0-0: Swinging Strike
0-1: Fly out, F9 (Line Drive, 9LM)
Batting: RHB Trent Burch 0-0: Called Strike
0-1: Called Strike
0-2: Fly out, F8 (Flyball, 8LM)
Batting: RHB Michael Bradshaw 0-0: Ball
1-0: SINGLE (Groundball, 6) (infield hit)
Batting: SHB Pablo Coloa 0-0: Called Strike
0-1: Ball
1-1: Foul Ball, location: 2F
1-2: Foul Ball, location: 2F
1-2: Ball
2-2: Ball
3-2: Fly out, F2 (Popup, 5S)
Bottom of the 1st over - 0 run(s), 1 hit(s), 0 error(s), 1 left on base; Belvedere Park 0 - Richland 0
TOP OF THE 2ND
Belvedere Park Rawhides batting - Pitching for Richland Rails : RHP Paco Manuel
Batting: RHB Warren Willis 0-0: Ball
1-0: Ball
2-0: Ball
3-0: Base on Balls
Batting: RHB Holden Markoff 0-0: Ball
1-0: Fly out, F7 (Flyball, 7LS)
Batting: SHB Eduardo Pampin 0-0: Called Strike
0-1: Ball
1-1: Swinging Strike
1-2: Ball
2-2: Ground out 6-3 (Groundball, 6)
Warren Willis to second
Batting: RHB Kevin Johnson 0-0: Foul Ball, location: 2F
0-1: Called Strike
0-2: Strikes out swinging
Top of the 2nd over - 0 run(s), 0 hit(s), 0 error(s), 1 left on base; Belvedere Park 0 - Richland 0
BOTTOM OF THE 2ND
Richland Rails batting - Pitching for Belvedere Park Rawhides : LHP António Bruno
Batting: LHB Valentín Salas 0-0: Ball
1-0: Called Strike
1-1: Ground out 5-3 (Groundball, 56)
Batting: RHB Christian Gentry 0-0: Called Strike
0-1: Ball
1-1: Ball
2-1: Foul Ball, location: 2F
2-2: Ground out 5-3 (Groundball, 56)
Batting: RHB Quigley Gibson 0-0: Ball
1-0: Ball
2-0: Swinging Strike
2-1: Ball
3-1: Called Strike
3-2: Ground out 5-3 (Groundball, 5)
Bottom of the 2nd over - 0 run(s), 0 hit(s), 0 error(s), 0 left on base; Belvedere Park 0 - Richland 0
TOP OF THE 3RD
Belvedere Park Rawhides batting - Pitching for Richland Rails : RHP Paco Manuel
Batting: RHB Emmanuele Lucchetti 0-0: Ball
1-0: Called Strike
1-1: SINGLE (Groundball, 6D)
Batting: RHB Charles Rowell 0-0: Foul Ball, location: 2F
0-1: Foul Ball, location: 2F
0-2: Ball
1-2: Strikes out swinging
Batting: LHB Dan O'Day 0-0: Ball
1-0: Called Strike
1-1: Fly out, F7 (Flyball, 78M)
Batting: SHB Adrián Zamudio 0-0: Ball
Emmanuele Lucchetti steals 2nd base
1-0: Called Strike
1-1: Swinging Strike
1-2: Strikes out swinging
Top of the 3rd over - 0 run(s), 1 hit(s), 0 error(s), 1 left on base; Belvedere Park 0 - Richland 0
BOTTOM OF THE 3RD
Richland Rails batting - Pitching for Belvedere Park Rawhides : LHP António Bruno
Batting: LHB Armando Peña 0-0: Ground out 3-1 (Groundball, 34)
Batting: RHB Lee Faught 0-0: Ball
1-0: Ground out U3 (Groundball, 34)
Batting: RHB Fernando Granados 0-0: Called Strike
0-1: Ball
1-1: Fly out, F9 (Flyball, 9S)
Bottom of the 3rd over - 0 run(s), 0 hit(s), 0 error(s), 0 left on base; Belvedere Park 0 - Richland 0
TOP OF THE 4TH
Belvedere Park Rawhides batting - Pitching for Richland Rails : RHP Paco Manuel
Batting: RHB Ramón Cabral 0-0: Called Strike
0-1: Swinging Strike
0-2: Ball
1-2: Foul Ball, location: 2F
1-2: Strikes out swinging
Batting: RHB Warren Willis 0-0: Called Strike
0-1: Foul Ball, location: 2F
0-2: Ball
1-2: Fly out, F7 (Line Drive, 7)
Batting: RHB Holden Markoff 0-0: Ball
1-0: Foul Ball, location: 2F
1-1: Called Strike
1-2: Strikes out swinging
Top of the 4th over - 0 run(s), 0 hit(s), 0 error(s), 0 left on base; Belvedere Park 0 - Richland 0
BOTTOM OF THE 4TH
Richland Rails batting - Pitching for Belvedere Park Rawhides : LHP António Bruno
Batting: RHB Trent Burch 0-0: Ball
1-0: Ball
2-0: Ball
3-0: Called Strike
3-1: Swinging Strike
3-2: Strikes out looking
Batting: RHB Michael Bradshaw 0-0: Called Strike
0-1: Ball
1-1: Foul Ball, location: 2F
1-2: Ball
2-2: SINGLE (Groundball, 56S) (infield hit)
Batting: SHB Pablo Coloa 0-0: Called Strike
Michael Bradshaw is caught stealing 2nd base
0-1: Foul Ball, location: 2F
0-2: Ball
1-2: Strikes out swinging
Bottom of the 4th over - 0 run(s), 1 hit(s), 0 error(s), 0 left on base; Belvedere Park 0 - Richland 0
TOP OF THE 5TH
Belvedere Park Rawhides batting - Pitching for Richland Rails : RHP Paco Manuel
Batting: SHB Eduardo Pampin 0-0: Ball
1-0: Ball
2-0: Foul Ball, location: 2F
2-1: Foul Ball, location: 2F
2-2: Foul Ball, location: 2F
2-2: Strikes out swinging
Batting: RHB Kevin Johnson 0-0: Ground out 5-3 (Groundball, 5)
Batting: RHB Emmanuele Lucchetti 0-0: Ball
1-0: Called Strike
1-1: Fly out, F7 (Flyball, 7)
Top of the 5th over - 0 run(s), 0 hit(s), 0 error(s), 0 left on base; Belvedere Park 0 - Richland 0
BOTTOM OF THE 5TH
Richland Rails batting - Pitching for Belvedere Park Rawhides : LHP António Bruno
Batting: LHB Valentín Salas 0-0: Ball
1-0: Ball
2-0: Called Strike
2-1: Ball
3-1: Base on Balls
Batting: RHB Christian Gentry 0-0: Bunted foul
0-1: Sac Bunt - play at first, batter OUT! 3-4
Valentín Salas to second
Batting: RHB Quigley Gibson 0-0: Intentional Walk
Batting: LHB Armando Peña 0-0: Swinging Strike
0-1: Fly out, F6 (Popup, 56D)
Batting: RHB Lee Faught 0-0: Ball
1-0: Ball
2-0: Fly out, F9 (Flyball, 9)
Bottom of the 5th over - 0 run(s), 0 hit(s), 0 error(s), 2 left on base; Belvedere Park 0 - Richland 0
TOP OF THE 6TH
Belvedere Park Rawhides batting - Pitching for Richland Rails : RHP Paco Manuel
Batting: RHB Charles Rowell 0-0: Ball
1-0: Called Strike
1-1: Ball
2-1: Called Strike
2-2: Ball
3-2: Strikes out looking
Batting: LHB Dan O'Day 0-0: Fly out, F4 (Line Drive, 4)
Batting: SHB Adrián Zamudio 0-0: Foul Ball, location: 2F
0-1: Foul Ball, location: 2F
0-2: SINGLE (Line Drive, 3D)
Batting: RHB Ramón Cabral 0-0: Ball
1-0: Ball
2-0: Foul Ball, location: 2F
2-1: Foul Ball, location: 2F
2-2: Ball
3-2: Foul Ball, location: 2F
3-2: Foul Ball, location: 2F
3-2: Base on Balls
Adrián Zamudio to second
Batting: RHB Warren Willis 0-0: Ball
1-0: Hit by Pitch
Adrián Zamudio to third
Ramón Cabral to second
Pinch Runner at 1st José Pérez:
Batting: RHB Holden Markoff 0-0: Ball
1-0: Ball
2-0: Ball
3-0: Called Strike
3-1: Called Strike
3-2: Strikes out swinging
Top of the 6th over - 0 run(s), 1 hit(s), 0 error(s), 3 left on base; Belvedere Park 0 - Richland 0
BOTTOM OF THE 6TH
Richland Rails batting - Pitching for Belvedere Park Rawhides : LHP António Bruno
Now at 1B: José Pérez
Batting: RHB Fernando Granados 0-0: Fly out, F5 (Line Drive, 56S)
Batting: RHB Trent Burch 0-0: Ball
1-0: Ball
2-0: Ball
3-0: Called Strike
3-1: Base on Balls
Batting: RHB Michael Bradshaw 0-0: Ball
1-0: Called Strike
1-1: Ball
2-1: Called Strike
2-2: Foul Ball, location: 2F
2-2: Ball
3-2: Foul Ball, location: 2F
Balk!
Trent Burch to second
3-2: SINGLE (Groundball, 6) (infield hit)
Trent Burch to third
Batting: SHB Pablo Coloa 0-0: Called Strike
0-1: Ball
1-1: Ball
2-1: Foul Ball, location: 2F
2-2: SINGLE (Flyball, 89S)
Trent Burch scores
Michael Bradshaw to second
Throwing error, E9
Michael Bradshaw scores
Pablo Coloa to second
Batting: LHB Valentín Salas 0-0: Ball
1-0: Swinging Strike
1-1: Foul Ball, location: 2F
1-2: Ball
2-2: Strikes out swinging
Batting: RHB Christian Gentry 0-0: Swinging Strike
0-1: Swinging Strike
0-2: Ball
1-2: Foul Ball, location: 2F
1-2: Ball
2-2: SINGLE (Groundball, 6MD)
Pablo Coloa to third
Runner from 3rd tries for Home, SAFE, no throw
Batting: RHB Quigley Gibson 0-0: Ground out 5-3 (Groundball, 56S)
Bottom of the 6th over - 3 run(s), 3 hit(s), 1 error(s), 1 left on base; Belvedere Park 0 - Richland 3
TOP OF THE 7TH
Belvedere Park Rawhides batting - Pitching for Richland Rails : RHP Paco Manuel
Pitching: RHP Maxwell Simon
Batting: SHB Eduardo Pampin 0-0: Swinging Strike
0-1: Ball
1-1: Swinging Strike
1-2: Strikes out swinging
Batting: RHB Kevin Johnson 0-0: Called Strike
0-1: Swinging Strike
0-2: Ball
1-2: Foul Ball, location: 2F
1-2: Strikes out swinging
Batting: RHB Emmanuele Lucchetti 0-0: Foul Ball, location: 2F
0-1: Ball
1-1: SINGLE (Line Drive, 4D)
Batting: RHB Charles Rowell 0-0: Ball
1-0: Called Strike
1-1: Called Strike
1-2: Ground out 1-3 (Groundball, 15S)
Top of the 7th over - 0 run(s), 1 hit(s), 0 error(s), 1 left on base; Belvedere Park 0 - Richland 3
BOTTOM OF THE 7TH
Richland Rails batting - Pitching for Belvedere Park Rawhides : LHP António Bruno
Batting: LHB Armando Peña 0-0: Ball
1-0: Foul Ball, location: 2F
1-1: Called Strike
1-2: Foul Ball, location: 2F
1-2: Ball
2-2: SOLO HOME RUN (Flyball, 9LD), Distance : 329 ft
Pitching: LHP Nick Mason
Batting: RHB Lee Faught 0-0: Called Strike
0-1: Fly out, F5 (Line Drive, 5)
Batting: RHB Fernando Granados 0-0: Swinging Strike
0-1: Ball
1-1: Ball
2-1: Called Strike
2-2: Ball
3-2: Fly out, F5 (Line Drive, 5)
Batting: RHB Trent Burch 0-0: Ball
1-0: Ball
2-0: Called Strike
2-1: Fly out, F9 (Flyball, 89M)
Bottom of the 7th over - 1 run(s), 1 hit(s), 0 error(s), 0 left on base; Belvedere Park 0 - Richland 4
TOP OF THE 8TH
Belvedere Park Rawhides batting - Pitching for Richland Rails : RHP Maxwell Simon
Batting: LHB Dan O'Day 0-0: Ball
1-0: Ball
2-0: Ball
3-0: Called Strike
3-1: Base on Balls
Batting: SHB Adrián Zamudio 0-0: Called Strike
0-1: Foul Ball, location: 2F
0-2: Ball
1-2: Ball
2-2: Ball
3-2: Foul Ball, location: 2F
3-2: Foul Ball, location: 2F
3-2: Base on Balls
Dan O'Day to second
Pitching: LHP Roberto Guillén
Batting: RHB Ramón Cabral 0-0: Foul Ball, location: 2F
0-1: Ball
1-1: Foul Ball, location: 2F
1-2: Foul Ball, location: 2F
1-2: Fly out, F9 (Flyball, 9LSF)
Pitching: RHP Miguel Hernández
Batting: RHB José Pérez 0-0: Called Strike
0-1: Ball
1-1: Called Strike
1-2: Ball
2-2: Strikes out swinging
Batting: RHB Holden Markoff 0-0: Called Strike
0-1: Swinging Strike
0-2: Strikes out swinging
Top of the 8th over - 0 run(s), 0 hit(s), 0 error(s), 2 left on base; Belvedere Park 0 - Richland 4
BOTTOM OF THE 8TH
Richland Rails batting - Pitching for Belvedere Park Rawhides : LHP Nick Mason
Batting: RHB Michael Bradshaw 0-0: Foul Ball, location: 2F
0-1: Ball
1-1: Called Strike
1-2: SINGLE (Line Drive, 6M)
Batting: SHB Pablo Coloa 0-0: Called Strike
0-1: Ball
1-1: Fly out, F9 (Flyball, 9S)
Batting: LHB Valentín Salas 0-0: Ball
1-0: Foul Ball, location: 2F
1-1: Called Strike
1-2: Foul Ball, location: 2F
1-2: Foul Ball, location: 2F
1-2: Foul Ball, location: 2F
1-2: Grounds into double play, 4-6-3 (Groundball, 34)
Bottom of the 8th over - 0 run(s), 1 hit(s), 0 error(s), 0 left on base; Belvedere Park 0 - Richland 4
TOP OF THE 9TH
Belvedere Park Rawhides batting - Pitching for Richland Rails : RHP Miguel Hernández
Batting: SHB Eduardo Pampin 0-0: Ball
1-0: Called Strike
1-1: Ball
2-1: Ball
3-1: Called Strike
3-2: Ground out 6-3 (Groundball, 6M)
Batting: RHB Kevin Johnson 0-0: Ball
1-0: Ball
2-0: Ball
3-0: Base on Balls
Batting: RHB Emmanuele Lucchetti 0-0: Ball
1-0: Ball
2-0: Ball
3-0: Called Strike
3-1: Called Strike
3-2: Strikes out looking
Batting: RHB Charles Rowell 0-0: Ball
1-0: Fly out, F7 (Line Drive, 7)
Top of the 9th over - 0 run(s), 0 hit(s), 0 error(s), 1 left on base; Belvedere Park 0 - Richland 4
Saturday, May 26th, 2018 - OOTP Baseball 17.12 Build 75